 Dungeon Sprint DCSS version 0.21.1-1-g345015fe64 (webtiles) character file.

17700000 Jannitor the Ninja (level 27, -47/249 HPs)
             Began as a Formicid Air Elementalist on June 28, 2018.
             Was the Champion of Makhleb.
             Annihilated by a meat berserker
             ... wielding a +9 battleaxe
              (82 damage)
             ... in the Dungeon (Sprint VIII: "Arena of Blood").
             The game lasted 00:05:25 (177 turns).

Jannitor the Ninja (Formicid Air Elementalist)       Turns: 177, Time: 00:05:26

Health: -47/249    AC:  4    Str: 15    XL:     27
Magic:  54/54      EV: 35    Int: 17    God:    Makhleb [******]
Gold:   0          SH:  0    Dex: 20    Spells: 77/80 levels left

rFire    . . .     SeeInvis +   j - +∞ Axe of Woe
rCold    . . .     Gourm    .   (no shield)
rNeg     . . .     Faith    .   a - +0 robe
rPois    .         Spirit   .   (helmet unavailable)
rElec    .         Reflect  .   (no cloak)
rCorr    .         Harm     .   (no gloves)
MR       ++...                  (no boots)
Stlth    +++++++++.             (no amulet)
HPRegen  0.51/turn              (no ring)
MPRegen  0.34/turn              (no ring)

@: no status effects
A: permanent stasis, dig shafts and tunnels, four strong arms, antennae 3
a: Dig, Minor Destruction, Lesser Servant of Makhleb, Major Destruction, Greater
Servant of Makhleb, Renounce Religion


You were in the Dungeon.
You worshipped Makhleb.
Makhleb was exalted by your worship.
You were not hungry.

You visited 1 branch

Inventory:

Hand Weapons
 j - the +∞ Axe of Woe (weapon)
   (You found it in the Dungeon)
Armour
 a - a +0 robe (worn)
Scrolls
 i - a scroll of blinking
Potions
 d - a potion of curing
 e - a potion of heal wounds
 f - a potion of haste
 g - 2 potions of magic
 h - a potion of berserk rage
Books
 b - a book of Air

   Spells                             Type                      Level
   a - Shock                          Conjuration/Air              1
   b - Swiftness                      Charms/Air                   2
   c - Static Discharge               Conjuration/Air              3
   d - Airstrike                      Air                          4
   e - Lightning Bolt                 Conjuration/Air              5


   Skills:
 O Level 27 Fighting
 O Level 27 Axes
 O Level 27 Throwing
 O Level 27 Armour
 O Level 27 Dodging
 O Level 27 Stealth
 O Level 27 Unarmed Combat
 O Level 27 Spellcasting
 O Level 27 Conjurations
 O Level 27 Charms
 O Level 27 Air Magic
 O Level 27 Invocations


You had 77 spell levels left.
You knew the following spells:

 Your Spells              Type           Power        Failure   Level  Hunger
a - Shock                 Conj/Air       ####         0%          1    None
b - Swiftness             Chrm/Air       #######.     0%          2    None


Dungeon Overview and Level Annotations

Branches:
Dungeon (1/1)

Altars:
Makhleb


Innate Abilities, Weirdness & Mutations

You cannot be hasted, slowed, berserked, paralysed or teleported.
You can dig through walls and to a lower floor.
Your four strong arms can wield two-handed weapons with a shield.
You have a pair of large antennae on your head. (SInv)


Message History

The large bag of meat convulses!
The observer convulses!
The eight-headed meat hydra convulses!
The bag of meat convulses!
The fleshlord convulses!
The destroyer blinks!
The eight-headed meat hydra calls on the powers of darkness!
The eight-headed meat hydra convulses!
The bag of meat convulses!
The fleshlord convulses! x3; The observer convulses!
The scourge convulses! x2
The bag of meat convulses!
The fleshlord convulses!
The meat berserker convulses!
The bag of meat convulses!
The meat berserker convulses! x2; Your body is wracked with pain!
* * * LOW HITPOINT WARNING * * *
The fleshlord convulses!
The bag of meat convulses!
The scourge convulses!
The bag of meat convulses!
The eight-headed meat hydra convulses!
The meat berserker convulses! x2; The bag of meat convulses!
The observer convulses!
The bag of meat convulses! x2; The observer convulses!
The tyrant casts a spell.
The tyrant seems to speed up.
The meat berserker rages.
You hear a shout! x2
The meat berserker hits you with a +9 battleaxe!!!!
You die...
O.ML... .... #oLW... ...... .oOV.L. ...... ##MOV.S V...... oGooGoX

....... ##WOO2M#### .......
DooXpS)#..##
....#.#..WV2O..O@##.########
.......%..oOp..W####.....#.#
...#.#.#..o2p.2X#)#.#####.##
..........2XV§GW{#)## ##.##
....#.#.#.S#DpoX#### ##.#
)))...V...#pXz.. #.##
).%§§§...LS#.... ##.#
..)§)§....#..... #.##
.§)))§....pz.{{. ##.#


You could see 3 accurseds, a tentacled monstrosity, 5 meat beasts, 4 tyrants, 2
eight-headed meat hydras, 4 destroyers, 3 observers, 4 scourges, 5 fleshlords, a
sculptor of flesh, a large bag of meat (inner flame), 5 large abominations, 3
wretched souls, 2 dreads, 7 meat berserkers and 11 bags of meat.

Vanquished Creatures
  2 hell knights (D)
  3 hell beasts (D)
  A great orb of eyes (D)
  Harold (D)
  8 vampire knights (D)
  17 ogres (D)
  3 two-headed ogres (D)
  A hydra (D)
  59 orcs (D)
  2 skeletal warriors (D)
  A sea snake (D)
  2 small abominations (D)
  A large abomination (D)
101 creatures vanquished.

Vanquished Creatures (others)
  A hydra (D)
  An orc (D)
  4 crawling corpses (D)
6 creatures vanquished.

Grand Total: 107 creatures vanquished

Notes
Turn   | Place    | Note
-------+----------+-------------------------------------------
     0 | D        | Found the +∞ Axe of Woe
     0 | D        | Jannitor the Formicid Air Elementalist began the quest for the Orb.
     0 | D        | Reached XP level 1. HP: 13/13 MP: 3/3
     3 | D        | Noticed a bag of meat
     3 | D        | Noticed a bag of meat
     3 | D        | Noticed a bag of meat
     4 | D        | Noticed a bag of meat
     4 | D        | Became a worshipper of Makhleb the Destroyer
     5 | D        | Noticed a bag of meat
     7 | D        | Noticed a meat berserker
     7 | D        | Noticed a meat berserker
     8 | D        | Noticed a bag of meat
     8 | D        | Noticed a meat berserker
     8 | D        | Killed a bag of meat
     8 | D        | Reached skill level 10 in Dodging
     8 | D        | Reached skill level 10 in Air Magic
     8 | D        | Reached XP level 2. HP: 38/38 MP: 3/9
     8 | D        | Reached XP level 3. HP: 44/44 MP: 3/11
     8 | D        | Reached XP level 4. HP: 51/51 MP: 3/12
     8 | D        | Reached XP level 5. HP: 57/57 MP: 3/14
     8 | D        | Reached XP level 6. HP: 64/64 MP: 3/15
     8 | D        | Reached XP level 7. HP: 70/70 MP: 3/16
     8 | D        | Reached XP level 8. HP: 76/76 MP: 3/17
     8 | D        | Reached XP level 9. HP: 82/82 MP: 3/18
     8 | D        | Reached XP level 10. HP: 89/89 MP: 3/19
     8 | D        | Reached XP level 11. HP: 95/95 MP: 3/20
     8 | D        | Reached XP level 12. HP: 102/102 MP: 3/21
     8 | D        | Killed a bag of meat
     8 | D        | Reached * piety under Makhleb
     8 | D        | Reached skill level 15 in Invocations
     8 | D        | Reached XP level 13. HP: 113/113 MP: 3/24
     9 | D        | Noticed a bag of meat
     9 | D        | Noticed a meat berserker
     9 | D        | Noticed a meat berserker
     9 | D        | Noticed a bag of meat
     9 | D        | Killed a meat berserker
     9 | D        | Reached skill level 15 in Axes
     9 | D        | Reached XP level 14. HP: 126/126 MP: 3/26
     9 | D        | Reached XP level 15. HP: 132/132 MP: 3/27
    10 | D        | Noticed a meat berserker
    10 | D        | Noticed a meat berserker
    10 | D        | Killed a meat berserker
    10 | D        | Reached ** piety under Makhleb
    10 | D        | Reached skill level 15 in Air Magic
    10 | D        | Reached XP level 16. HP: 85/145 MP: 3/30
    11 | D        | Killed a meat berserker
    11 | D        | Reached XP level 17. HP: 11/155 MP: 3/31
    11 | D        | Reached *** piety under Makhleb
    11 | D        | Reached XP level 18. HP: 73/166 MP: 3/33
    12 | D        | Noticed a destroyer
    12 | D        | Noticed a destroyer
    13 | D        | Killed a meat berserker
    13 | D        | Killed a meat berserker
    13 | D        | Reached XP level 19. HP: 178/178 MP: 4/35
    13 | D        | Reached **** piety under Makhleb
    13 | D        | Reached skill level 27 in Stealth
    14 | D        | Noticed a meat berserker
    14 | D        | Noticed a meat berserker
    14 | D        | Killed a meat berserker
    14 | D        | Reached XP level 20. HP: 191/191 MP: 4/37
    14 | D        | Reached skill level 27 in Invocations
    15 | D        | Noticed a meat berserker
    15 | D        | Reached ***** piety under Makhleb
    16 | D        | Noticed a meat berserker
    16 | D        | Noticed a meat berserker
    16 | D        | Killed a meat berserker
    16 | D        | Reached skill level 27 in Fighting
    16 | D        | Reached skill level 27 in Armour
    16 | D        | Reached XP level 21. HP: 204/204 MP: 5/38
    16 | D        | Reached skill level 27 in Axes
    19 | D        | Killed a meat berserker
    19 | D        | Reached skill level 27 in Dodging
    19 | D        | Reached skill level 27 in Air Magic
    19 | D        | Reached skill level 5 in Conjurations
    19 | D        | Reached XP level 22. HP: 212/212 MP: 5/39
    19 | D        | Reached skill level 10 in Spellcasting
    19 | D        | Reached ****** piety under Makhleb
    20 | D        | Killed a meat berserker
    20 | D        | Reached skill level 15 in Throwing
    20 | D        | Reached skill level 15 in Unarmed Combat
    20 | D        | Reached skill level 15 in Spellcasting
    20 | D        | Reached skill level 15 in Conjurations
    20 | D        | Reached XP level 23. HP: 219/219 MP: 5/43
    23 | D        | Reached XP level 24. HP: 227/227 MP: 6/49
    23 | D        | Killed a destroyer
    23 | D        | Reached XP level 25. HP: 234/234 MP: 6/52
    24 | D        | Reached skill level 27 in Throwing
    24 | D        | Reached skill level 27 in Unarmed Combat
    24 | D        | Reached skill level 27 in Spellcasting
    24 | D        | Reached skill level 27 in Conjurations
    25 | D        | Reached XP level 26. HP: 242/242 MP: 7/54
    27 | D        | Noticed a destroyer
    27 | D        | Noticed a large bag of meat
    27 | D        | Noticed a destroyer
    29 | D        | Killed a destroyer
    30 | D        | Noticed a large bag of meat
    30 | D        | Killed a destroyer
    30 | D        | Reached XP level 27. HP: 249/249 MP: 8/54
    31 | D        | Noticed The Servant
    37 | D        | Killed The Servant
    37 | D        | Killed a large bag of meat
    37 | D        | Killed a large bag of meat
    38 | D        | Noticed a destroyer
    39 | D        | Noticed a destroyer
    39 | D        | Killed a destroyer
    42 | D        | Noticed a destroyer
    43 | D        | Noticed a large bag of meat
    44 | D        | Killed a destroyer
    45 | D        | Noticed a tyrant
    47 | D        | Killed a large bag of meat
    47 | D        | Killed a destroyer
    49 | D        | Noticed a destroyer
    49 | D        | Killed a destroyer
    52 | D        | Noticed a destroyer
    52 | D        | Killed a destroyer
    54 | D        | Noticed a tyrant
   158 | D        | Noticed a meat beast
   158 | D        | Noticed a dread
   158 | D        | Noticed a meat beast
   158 | D        | Noticed a meat beast
   158 | D        | Noticed a meat beast
   158 | D        | Noticed a meat beast
   158 | D        | Noticed an accursed
   158 | D        | Noticed a tyrant
   158 | D        | Noticed a fleshlord
   158 | D        | Noticed a fleshlord
   158 | D        | Noticed a fleshlord
   158 | D        | Noticed a destroyer
   158 | D        | Noticed a fleshlord
   158 | D        | Noticed a dread
   159 | D        | Noticed a dread
   159 | D        | Noticed a dread
   159 | D        | Noticed a meat beast
   159 | D        | Killed a meat beast
   159 | D        | Killed a fleshlord
   160 | D        | Noticed a meat beast
   163 | D        | Killed a meat beast
   164 | D        | Killed a meat beast
   168 | D        | Learned a level 2 spell: Swiftness
   170 | D        | Reached skill level 27 in Charms
   175 | D        | Noticed an accursed
   175 | D        | Noticed a destroyer
   175 | D        | Noticed an accursed
   175 | D        | Noticed a meat beast
   175 | D        | Noticed a large bag of meat
   175 | D        | Noticed a tyrant
   175 | D        | Noticed a fleshlord
   175 | D        | Noticed a fleshlord
   175 | D        | Noticed a destroyer
   175 | D        | Noticed a fleshlord
   175 | D        | Noticed a destroyer
   176 | D        | Killed a fleshlord
   177 | D        | Noticed a tyrant
   177 | D        | Annihilated by a meat berserker

Skill      XL: |  1  2  3  4  5  6  7  8  9 10 11 12 13 14 15 16 17 18 19 20 21 22 23 24 25 26 27 |
---------------+----------------------------------------------------------------------------------+-----
Fighting       | 12 14 16 18 20 21 23 25 27 | 27.0
Axes           | 11 13 15 17 18 19 21 23 25 27 | 27.0
Armour         | 12 14 16 18 20 21 23 25 27 | 27.0
Dodging        | 10 12 14 16 17 18 20 21 24 27 | 27.0
Stealth        | 14 16 19 21 23 24 26 27 | 27.0
Air Magic      | 10 11 13 15 16 17 19 20 22 27 | 27.0
Invocations    | 13 15 17 20 21 22 25 26 27 | 27.0
Throwing       | 6 16 22 25 27 | 27.0
Unarmed Combat | 6 16 22 25 27 | 27.0
Spellcasting   | 6 16 22 25 27 | 27.0
Conjurations   | 5 15 21 24 27 | 27.0
Charms         | 27 | 27.0

Action                   |  1- 3 |  4- 6 |  7- 9 | 10-12 | 13-15 | 16-18 | 19-21 | 22-24 | 25-27 || total
-------------------------+-------+-------+-------+-------+-------+-------+-------+-------+-------++-------
Melee: Executioner's axe |     1 |       |       |       |     2 |     2 |     4 |     3 |    28 ||    40
 Abil: Dig               |     1 |       |       |       |       |       |       |       |     4 ||     5
  Eat: Ration            |       |       |       |       |       |       |       |       |     1 ||     1
Dodge: Dodged            |       |       |       |       |       |       |     1 |       |     6 ||     7
